 Dungeon Crawl Stone Soup version 0.17.0-28-g6e173f8 (webtiles) character file.

292 lucasterio the Magician (level 6, 0/36 HPs)
             Began as an Octopode Wizard on Dec 3, 2015.
             Slain by HandofTrog's ghost (8 damage)
             ... on level 4 of the Dungeon.
             The game lasted 00:17:49 (4883 turns).

lucasterio the Magician (Octopode Wizard)           Turns: 4883, Time: 00:17:49

Health: 0/36       AC:  1    Str:  6    XL:     6   Next: 33%
Magic:  0/13       EV: 12    Int: 23    God:
Gold:   297        SH:  0    Dex: 10    Spells: 5 memorised, 3 levels left

rFire  . . .     SeeInvis .     h - +2 rapier (venom)
rCold  . . .     Clarity  .     (no shield)
rNeg   . . .     SustAt   .     a - +0 hat
rPois  .         Gourm    .     (no amulet)
rElec  .         Spirit   .     l - ring of stealth
rCorr  .         Warding  .     (no ring)
rMut   .         Stasis   .     (no ring)
MR     .....                    (no ring)
Stlth  ++++......               (no ring)
                                (no ring)
                                (no ring)
                                (no ring)

@: not resistant to hostile enchantments, stealthy
A: almost no armour, amphibious, 8 rings, constrict 8, camouflage 1, gelatinous
body 1
a: no special abilities


You were on level 4 of the Dungeon.
You were not hungry.

You visited 1 branch of the dungeon, and saw 4 of its levels.

You collected 297 gold pieces.

Inventory:

Hand Weapons
 h - a +2 rapier of venom (weapon)
 s - a +0 dagger
 x - a cursed -1 flail
Armour
 a - a +0 hat (worn)
 g - a +0 buckler
Jewellery
 l - a ring of stealth (left tentacle)
 w - an uncursed amulet of warding {unknown}
 A - a +3 ring of evasion {unknown}
Scrolls
 e - 2 scrolls of enchant weapon
 f - 6 scrolls of identify
 j - 2 scrolls of recharging
 k - a scroll of immolation
 n - a scroll of remove curse
 o - a scroll of random uselessness {unknown}
 q - a scroll of teleportation {unknown}
 y - a scroll of magic mapping {unknown}
Potions
 d - a potion of might {unknown}
 i - a potion of degeneration
 m - a potion of magic
 r - a potion of invisibility {unknown}
 t - a potion of brilliance {unknown}
 v - a potion of lignification {unknown}
Books
 b - a book of Minor Magic

   Spells                             Type                      Level
   a - Magic Dart                     Conjuration                  1
   b - Blink                          Translocation                2
   c - Call Imp                       Summoning                    2
   d - Repel Missiles                 Charms/Air                   2
   e - Slow                           Hexes                        2
   f - Conjure Flame                  Conjuration/Fire             3
   g - Mephitic Cloud                 Conjuration/Poison/Air       3
Comestibles
 c - 4 bread rations
 p - a meat ration
 u - a slice of pizza
 B - 3 fruits


   Skills:
 - Level 0.2 Fighting
 - Level 2.4 Dodging
 - Level 3.1 Stealth
 + Level 4.7 Spellcasting
 * Level 4.2 Conjurations
 - Level 1.0 Summonings
 - Level 1.0 Translocations


You had 3 spell levels left.
You knew the following spells:

 Your Spells              Type           Power        Failure   Level  Hunger
a - Magic Dart            Conj           ###.         1%          1    None
b - Blink                 Tloc           N/A          12%         2    None
c - Call Imp              Summ           ##......     12%         2    None
d - Conjure Flame         Conj/Fire      ###.....     14%         3    ##.....
e - Mephitic Cloud        Conj/Pois/Air  ##......     17%         3    ##.....


Dungeon Overview and Level Annotations

Branches:
Dungeon (4/15)
 Temple: D:4-7

Altars:

Annotations:
D:4 HandofTrog's ghost, amateur FoFi


Innate Abilities, Weirdness & Mutations

You cannot wear most types of armour.
You are amphibious.
You can wear up to eight rings at the same time.
You can use your tentacles to constrict eight enemies at once.
Your skin changes colour to match your surroundings (Stealth).
Your rubbery body absorbs attacks (AC +1).


Message History

HandofTrog's ghost is severely damaged.
HandofTrog's ghost hits you.
* * * LOW HITPOINT WARNING * * *
Casting: Magic Dart
Confirm with . or Enter, or press ? or * to list all spells.
Aiming: Magic Dart
Press: ? - help, Shift-Dir - straight line, f/p - HandofTrog's ghost
Aim: HandofTrog's ghost (severely damaged)
The magic dart hits HandofTrog's ghost.
HandofTrog's ghost is severely damaged.
HandofTrog's ghost barely misses you.
Casting: Magic Dart
Confirm with . or Enter, or press ? or * to list all spells.
Aiming: Magic Dart
Press: ? - help, Shift-Dir - straight line, f/p - HandofTrog's ghost
Aim: HandofTrog's ghost (severely damaged)
The magic dart hits HandofTrog's ghost.
HandofTrog's ghost is almost destroyed.
HandofTrog's ghost hits you!
You die...

.....# #...#####.####.#######.#
.....# ##### #.##........)..#
###..###########.##.#.######..#
#..............##.#.# #..#
##.#########.##.##.#.# #..#
##........##.#.#.##.#.# #..#
##.....##...###<.##.#.# #..#
.#.###.####..#..###.#.# #..###
#..# #.##...#.#.@.#.#.# #.....
##.# #.##.#.###.#W#.#.# ####..
#..###.##.#.....#.....# #..
.#.##...............### #..
##.##..##.#######..## #..
##.##..##.# #..# ###..
.......##.# #.(# #....
##.....##.# #..# #.#.#
####.###<#######..# #.#<#


You could see HandofTrog's ghost.

Vanquished Creatures
  An ogre (D:4)
  A giant frog (D:4)
  A killer bee zombie (D:4)
  Robin (D:3)
  4 adders
  2 oozes
  An adder skeleton (D:4)
  A worm (D:2)
  4 giant geckos
  4 orcs (D:3)
  4 bats
  14 goblins
  7 hobgoblins
  2 quokkas
  A ball python (D:1)
  6 giant newts
  8 jackals
  5 kobolds
  5 rats (D:1)
72 creatures vanquished.

Notes
Turn   | Place    | Note
--------------------------------------------------------------
     0 | D:1      | lucasterio the Octopode Wizard began the quest for the Orb.
     0 | D:1      | Reached XP level 1. HP: 11/11 MP: 4/4
   448 | D:1      | Reached XP level 2. HP: 17/17 MP: 3/6
  1424 | D:2      | Learned a level 2 spell: Blink
  1427 | D:2      | Learned a level 2 spell: Call Imp
  1554 | D:2      | Reached XP level 3. HP: 14/21 MP: 2/8
  2779 | D:3      | Reached skill level 4 in Spellcasting
  2779 | D:3      | Reached XP level 4. HP: 11/27 MP: 2/10
  3154 | D:3      | Learned a level 3 spell: Conjure Flame
  3158 | D:3      | Learned a level 3 spell: Mephitic Cloud
  3811 | D:3      | Noticed Robin
  3818 | D:3      | Killed Robin
  3818 | D:3      | Reached XP level 5. HP: 21/31 MP: 4/11
  4185 | D:4      | Noticed an ogre
  4195 | D:4      | Killed an ogre
  4436 | D:4      | Reached XP level 6. HP: 27/36 MP: 3/12
  4716 | D:4      | Noticed HandofTrog's ghost (amateur FoFi)
  4883 | D:4      | Slain by HandofTrog's ghost

Action                   |  1- 3 |  4- 6 || total
-------------------------+-------+-------++-------
Melee: Unarmed           |    22 |       ||    22
       Rapier            |       |    12 ||    12
 Cast: Magic Dart        |    84 |   113 ||   197
       Call Imp          |       |     5 ||     5
       Mephitic Cloud    |       |     1 ||     1
  Use: Scroll            |       |     5 ||     5
       Potion            |       |     3 ||     3
  Eat: Bread ration      |     1 |       ||     1
       Chunk             |     1 |     6 ||     7
